 Dungeon Crawl Stone Soup version 0.26.1-10-gdfb7c7de75 (webtiles) character file.

Game seed: 17813865588871034141

260636 Almogavar the Slayer (level 19, -3/185 (198) HPs)
             Began as a Minotaur Berserker on Apr 8, 2021.
             Was a High Priest of Trog.
             Killed by divine providence
             ... invoked by a deep elf high priest
              (14 damage)
             ... on level 3 of the Elven Halls.
             The game lasted 02:34:02 (54158 turns).

Almogavar the Slayer (Minotaur Berserker)          Turns: 54158, Time: 02:34:02

HP:   -3/185 (198)  AC: 30    Str: 28    XL:     19   Next: 18%
MP:   46/46         EV: 18    Int: 14    God:    Trog [*****.]
Gold: 4520          SH:  9    Dex: 21    Spells: 18/18 levels left

rFire    . . .     SeeInvis +   J - +5 long sword of the Tent {vorpal, Dex+3}
rCold    + . .     Faith    .   C - +3 buckler
rNeg     . . .     Spirit   .   f - +1 plate armour of Whack-A-Mole {rC+ Str-2 Int+2 Dex+4}
rPois    +         Reflect  .   z - +3 hat of Pondering {ponderous, Will+ MP+10 Int+5}
rElec    .         Harm     .   M - +2 cloak {Will+}
rCorr    .         Rampage  .   P - +2 pair of gloves
Will     +++++                  K - +2 pair of boots
Stlth    ..........             U - amulet "Hiplan Baets" {RegenMP Int+3 SInv Stlth+}
HPRegen  1.40/turn              G - ring "Ifuerrer" {rPois MP+9 Str+3 Dex+3 Stlth+}
MPRegen  0.55/turn              y - ring of willpower

@: about to teleport, regenerating, studying Long Blades, drained, slow
A: retaliatory headbutt, horns 2, blurry vision 1, weak 1, no potion heal 1
}: 2/15 runes: decaying, gossamer
a: Renounce Religion, Berserk, Trog's Hand, Brothers in Arms


You were on level 3 of the Elven Halls.
You worshipped Trog.
Trog was extremely pleased with you.
You visited 6 branches of the dungeon, and saw 34 of its levels.
You visited 1 bazaar.
You also visited: Trove and Ice Cave.

You collected 5821 gold pieces.
You spent 1301 gold pieces at shops.

Inventory:

Hand Weapons
 c - the +3 hand axe of Udigif {protect, Will+}
   (You found it in a treasure trove)

   It grants its wielder temporary protection when it strikes (+7 to AC).
   It affects your willpower, your defense against some magical effects.
 p - a +1 vorpal hunting sling
 J - the +5 long sword of the Tent (weapon) {vorpal, Dex+3}
   (You found it on level 2 of the Swamp)

   It inflicts extra damage upon your enemies.
   It affects your dexterity (+3).
Missiles
 b - 995 stones
 q - 168 sling bullets
Armour
 e - a +0 cloak of preservation
 f - the +1 plate armour of Whack-A-Mole (worn) {rC+ Str-2 Int+2 Dex+4}
   (You found it in a treasure trove)

   It affects your strength (-2).
   It affects your intelligence (+2).
   It affects your dexterity (+4).
   It protects you from cold.
 s - the +7 Kryia's mail coat {PotionHeal*2 rC+}
   (You found it in an ice cave)

   It protects you from cold.
 w - the +0 pair of boots of the Old World {rampage, rC+ Int+5}
   (You found it on level 2 of the Spider Nest)

   It affects your intelligence (+5).
   It protects you from cold.
 z - the +3 hat of Pondering (worn) {ponderous, Will+ MP+10 Int+5}
   (You bought it in a shop on level 2 of the Orcish Mines)

   It affects your intelligence (+5).
   It affects your willpower, your defense against some magical effects.
   It affects your magic capacity (+10).
 C - a +3 buckler (worn)
 F - the +0 cloak "Inleeru" {Rampage rElec SInv}
   (You found it in a treasure trove)

   It insulates you from electricity.
   It lets you see invisible.
   It bestows one free step when moving towards enemies.
 K - a +2 pair of boots (worn)
 L - the +0 chain mail of the Valley {Rampage *Corrode rElec Str+5}
   (You found it on level 1 of the Orcish Mines)

   It affects your strength (+5).
   It insulates you from electricity.
   It may corrode you when you take damage.
   It bestows one free step when moving towards enemies.
 M - a +2 cloak of willpower (worn)
 N - a +1 chain mail of fire resistance
 P - a +2 pair of gloves (worn)
Jewellery
 l - an uncursed amulet of reflection
 t - a +6 ring of strength
 u - an uncursed ring of stealth
 y - a ring of willpower (right hand)
 A - an uncursed ring of flight
 G - the ring "Ifuerrer" (left hand) {rPois MP+9 Str+3 Dex+3 Stlth+}
   (You found it in a treasure trove)

   [ring of poison resistance]

   It affects your strength (+3).
   It affects your dexterity (+3).
   It protects you from poison.
   It affects your magic capacity (+9).
   It makes you more stealthy.
 I - a +4 ring of evasion
 U - the amulet "Hiplan Baets" (around neck) {RegenMP Int+3 SInv Stlth+}
   (You found it in a treasure trove)

   [amulet of magic regeneration]

   It increases your magic regeneration.
   It affects your intelligence (+3).
   It lets you see invisible.
   It makes you more stealthy.
 X - the amulet "Ajejokk" {RegenMP Str+3 Slay+3}
   (You found it in a treasure trove)

   [amulet of magic regeneration]

   It increases your magic regeneration.
   It affects your strength (+3).
   It affects your accuracy and damage with ranged weapons and melee attacks
   (+3).
 Y - an uncursed ring of resist corrosion
Wands
 a - a wand of paralysis (6)
 d - a wand of iceblast (10)
 E - a wand of digging (13)
 H - a wand of polymorph (5)
 Q - a wand of flame (13)
Scrolls
 g - 21 scrolls of teleportation
 j - 5 scrolls of enchant armour
 m - 14 scrolls of remove curse
 r - 3 scrolls of blinking
 D - 10 scrolls of fear
 O - a scroll of fog
 S - a scroll of brand weapon
 T - 6 scrolls of enchant weapon
 W - 3 scrolls of identify
 Z - 3 scrolls of magic mapping
Potions
 h - 10 potions of curing
 i - a potion of ambrosia
 k - 4 potions of resistance
 v - 4 potions of might
 x - a potion of invisibility
 B - 2 potions of cancellation
 R - 4 potions of haste
Books
 o - a manual of Long Blades
Miscellaneous
 n - a box of beasts
 V - a phial of floods


   Skills:
 + Level 24.1 Fighting
 - Level 14.0 Long Blades
 - Level 0.2 Axes
 - Level 12.0 Slings
 - Level 12.3 Armour
 + Level 13.9 Dodging
 - Level 0.1 Stealth
 - Level 5.0 Shields
 * Level 12.3 Invocations
 * Level 9.2 Evocations


You had 18 spell levels left.
You didn't know any spells.
Your spell library was empty.

Dungeon Overview and Level Annotations

Branches:
Dungeon (15/15)            Temple (0/1) D:7            Lair (6/6) D:8
  Swamp (4/4) Lair:4       Spider (4/4) Lair:3        Slime (0/5) Lair:5
    Orc (2/2) D:12            Elf (3/3) Orc:2        Vaults (0/5) D:13
 Depths (0/5) D:15          IceCv (visited)

Altars:
Ashenzari
Cheibriados
Dithmenos
Elyvilon
Gozag
Kikubaaqudgha
Makhleb
Qazlal
Ru
Sif Muna
Uskayaw
Vehumet
Wu Jian
Xom
Yredelemnul

Shops:
D:5 *[   Orc:1 [   Orc:2 =![[[   Elf:3 *


Innate Abilities, Weirdness & Mutations

You reflexively headbutt those who attack you in melee.
You have a pair of horns on your head.
Scrolls take you a little longer to read.
You are weak. (Str -2)
Potions are less effective at restoring your health.


Message History

The hell rat misses you. You furiously retaliate!
You headbutt the hell rat!
You riposte.
You hit the hell rat.
You kill the hell rat!
The hell rat's corpse disappears in a puff of smoke!
The redback misses you.
You riposte.
You closely miss the redback. You headbutt the redback!
The redback is severely wounded.
The deep elf mage gestures at you while chanting.
The bolt of negative energy hits you!
You feel drained.
* * * LOW HITPOINT WARNING * * *
Your system partially rejects the healing.
You feel better.
You are covered in liquid flames!
You block the redback's attack. The smoke demon gestures at you.
The sticky flame misses you. You block the redback's attack.
The deep elf mage casts a spell.
The deep elf high priest mumbles some strange prayers to its god against you.
Something smites you!
You die...

#.# #.## #.e## ## #)#)##
.## #).e)###### ..##
#..)3s....## ...##
#.##)exe....## ....#
#.###.r3s.....## ....#
#.###.....@.....##
....##.###.............#
((.('(((('.............#
.()(######.....#.#######
...## #.....#.# ..##
#.....#.# .## ##....#.#
## ##)..#.# # ##'#..#..


You could see a demonic crawler (summoned), a deep elf archer (empowered, repels
missiles), 2 deep elf high priests, a deep elf mage (empowered), a smoke demon
(summoned), a ynoxinul (summoned), a redback (summoned), a small abomination and
a hell rat (summoned).

Vanquished Creatures
  Arachne (Spider:4)
  Rupert (Lair:3)
  2 deep elf master archers (Elf:3)
  3 deep elf blademasters
  2 thorn hunters
  Roxanne (Spider:3)
  Donald (Spider:2)
  2 ghost moths (Spider:4)
  5 deep elf sorcerers
  An orc warlord (Orc:1)
  3 emperor scorpions
  A deep elf elementalist (Elf:3)
  Nessos (Lair:4)
  A vampire knight (D:14)
  4 deep elf demonologists
  6 deep elf annihilators
  2 spark wasps (Spider:4)
  The ghost of Darubir the Archer, a journeyman CeAM of Okawaru (Lair:5)
  4 deep elf death magi
  6 eleionomae
  28 hydras
  A deep elf high priest (Elf:3)
  5 boulder beetles
  A ghost crab (Swamp:3)
  The ghost of kalagan the Destroyer, a journeyman DECj of Sif Muna (Lair:4)
  A catoblepas (D:13)
  23 dancing weapons
  3 alligators
  3 death yaks (Lair:6)
  9 two-headed ogres
  5 orc high priests
  11 deep elf knights
  Urug (Orc:1)
  7 spriggans
  The ghost of narisevanipa the Carver, a novice MiBe of Trog (D:7)
  7 slime creatures
  A fire crab (Lair:5)
  A hell knight (D:14)
  A death drake (shapeshifter) (D:15)
  3 unseen horrors
  3 goliath frogs
  The ghost of poo4u the Thaumaturge, a novice SpCj of Sif Muna (Orc:1)
  2 spriggan druids (Swamp:2)
  10 swamp dragons
  2 wizards (Elf:1)
  5 bog bodies
  11 deep elf archers
  2 necromancers
  14 orb spiders
  5 orc sorcerers
  33 wolf spiders
  6 orc knights
  4 will-o-the-wisps
  47 deep elf magi
  6 manticores
  The ghost of Timinator the Conjurer, a novice DsWz of Vehumet (D:7)
  A salamander (D:15)
  Maurice (Orc:1)
  3 cyclopes
  A moth of wrath (Spider:4)
  7 elephants
  3 centaur zombies
  2 black mambas (Lair:3)
  4 torpor snails
  Psyche (D:9)
  16 cane toads
  4 ice statues
  An efreet (D:14)
  3 gargoyles
  5 orange demons (Elf:3)
  3 rime drakes
  A komodo dragon (shapeshifter) (Elf:1)
  9 komodo dragons
  10 ice devils
  2 kobold demonologists (D:14)
  24 jumping spiders
  8 demonic crawlers
  13 polar bears
  5 trolls
  A bloated husk (Swamp:3)
  A tengu conjurer (D:12)
  14 hornets
  6 meliai
  2 tyrant leeches
  A raiju (Lair:6)
  3 blink frogs (Lair:5)
  A slime creature (shapeshifter) (Elf:1)
  A dream sheep (Lair:6)
  4 air elementals
  2 vampires
  3 shadows
  70 redbacks
  2 wyverns
  3 water elementals
  32 tarantellas
  2 basilisks
  38 yaks
  A steam dragon (Lair:4)
  4 fire elementals
  4 vampire mosquitoes (D:12)
  9 wargs
  2 large abominations (Elf:2)
  3 acid dragons
  18 hell hounds
  13 water moccasins
  11 swamp worms
  9 swamp drakes
  2 eyes of draining
  2 sky beasts (D:9)
  3 ice beasts
  37 orc warriors
  3 phantoms
  13 black bears
  A boggart (Elf:1)
  23 ogres
  A tengu (shapeshifter) (D:14)
  A necrophage (D:8)
  29 wolves
  5 centaurs
  Blork the orc (D:6)
  2 big kobolds
  5 elf zombies (Elf:2)
  24 bullfrogs
  2 gnoll sergeants
  An earth elemental (Elf:1)
  A wyvern skeleton (D:14)
  9 scorpions
  16 killer bees
  3 electric eels
  4 howler monkeys
  6 centaur skeletons
  32 orc priests
  8 hounds
  A jelly (D:13)
  31 orc wizards
  2 bullfrog skeletons (D:6)
  An iguana (D:5)
  17 worker ants
  A spriggan simulacrum (IceCv)
  3 troll simulacra (IceCv)
  A centaur simulacrum (IceCv)
  2 hound skeletons
  A hound zombie (D:9)
  A howler monkey zombie (D:5)
  A worker ant zombie (D:5)
  14 gnolls
  2 howler monkey skeletons
  An ogre simulacrum (IceCv)
  8 adders
  4 naga simulacra (IceCv)
  3 shadow imps
  A white imp (D:10)
  4 ufetubi
  4 adder zombies (D:5)
  An adder skeleton (D:6)
  3 worms
  2 dart slugs
  5 leopard geckos
  77 orcs
  A ball python (D:2)
  7 bats
  6 giant cockroaches
  6 goblins
  5 hobgoblins
  17 jackals
  10 kobolds
  4 quokkas
  5 frilled lizards
  A giant cockroach zombie (D:5)
  A jackal skeleton (D:4)
  A jackal zombie (D:5)
  3 leopard gecko skeletons
  A quokka zombie (D:9)
  6 rats
1199 creatures vanquished.

Vanquished Creatures (collateral kills)
  An emperor scorpion (Spider:4)
  Azrael (Elf:2)
  A deep elf demonologist (Elf:2)
  3 dancing weapons (Elf:2)
  A deep elf knight (Elf:3)
  An orb spider (Spider:4)
  4 wolf spiders
  A jumping spider (Spider:4)
  2 hornets (Spider:4)
  A tarantella (Spider:4)
  2 fire elementals (Elf:2)
  3 hell hounds (Elf:2)
21 creatures vanquished.

Vanquished Creatures (others)
  A dancing weapon (Elf:2)
  A spriggan druid (Swamp:4)
  A deep elf mage (Elf:2)
  A bloated husk (Swamp:1)
  An orc wizard (D:5)
  A kobold (D:14)
  16 foxfires
  21 fungi
  36 plants
  6 withered plants (D:7)
85 creatures vanquished.

Grand Total: 1305 creatures vanquished

Notes
Turn   | Place    | Note
-------+----------+-------------------------------------------
     0 | D:1      | Almogavar the Minotaur Berserker began the quest for the
                  | Orb.
     0 | D:1      | Reached XP level 1. HP: 19/19 MP: 0/0
   200 | D:1      | Reached skill level 4 in Fighting
   200 | D:1      | Reached XP level 2. HP: 23/27 MP: 1/1
   456 | D:1      | Reached XP level 3. HP: 32/33 MP: 2/2
   758 | D:2      | Reached ** piety under Trog
  1488 | D:2      | Reached XP level 4. HP: 41/41 MP: 3/3
  1644 | D:3      | Reached skill level 5 in Fighting
  1644 | D:3      | Reached skill level 5 in Long Blades
  1644 | D:3      | Reached XP level 5. HP: 31/48 MP: 4/4
  1815 | D:3      | Found a snail-covered altar of Cheibriados.
  2289 | D:3      | Found a sacrificial altar of Ru.
  2441 | D:3      | Reached *** piety under Trog
  2652 | D:4      | Reached XP level 6. HP: 52/56 MP: 5/5
  3166 | D:5      | Entered Level 5 of the Dungeon
  3479 | D:5      | Reached skill level 5 in Armour
  3479 | D:5      | Reached XP level 7. HP: 62/62 MP: 6/6
  3537 | D:5      | Found Fitos's Armour Shoppe.
  3672 | D:5      | You fall into a shaft and drop 3 floors!
  3673 | D:8      | Noticed a two-headed ogre
  3683 | D:8      | Killed a two-headed ogre
  3684 | D:8      | Reached skill level 6 in Fighting
  3684 | D:8      | Reached XP level 8. HP: 7/71 MP: 7/7
  4124 | D:7      | Reached skill level 7 in Fighting
  4134 | D:7      | Found a hide-covered altar of Uskayaw.
  4466 | D:6      | Found an opulent altar of Gozag.
  4838 | D:5      | Reached **** piety under Trog
  4894 | D:5      | Reached XP level 9. HP: 45/80 MP: 8/8
  5105 | D:5      | Found Beeset's General Store.
  5116 | D:5      | Bought a potion of might for 40 gold pieces
  5270 | D:5      | Found a shimmering altar of Xom.
  5331 | D:5      | Found a faded altar of an unknown god.
  5331 | D:5      | Found a white marble altar of Elyvilon.
  5339 | D:5      | Found a stormy altar of Qazlal.
  5341 | D:5      | Found a radiant altar of Vehumet.
  5343 | D:5      | Found a faded altar of an unknown god.
  5592 | D:5      | Found a shadowy altar of Dithmenos.
  5601 | D:5      | Reached skill level 8 in Fighting
  6165 | D:6      | Noticed Blork the orc
  6184 | D:6      | Killed Blork the orc
  6242 | D:6      | Found a shimmering blue altar of Sif Muna.
  6323 | D:7      | Found an ornate altar of the Wu Jian Council.
  6377 | D:7      | Found a staircase to the Ecumenical Temple.
  6410 | D:7      | Found a runed translucent gate.
  6411 | D:7      | Found a runed translucent gate.
  6412 | D:7      | Found a runed translucent gate.
  6413 | D:7      | Noticed narisevanipa's ghost (novice MiBe)
  6413 | D:7      | Noticed Timinator's ghost (novice DsWz)
  6454 | D:7      | Reached skill level 10 in Long Blades
  6454 | D:7      | Reached skill level 1 in Slings
  6906 | D:7      | Killed narisevanipa's ghost
  6913 | D:7      | Killed Timinator's ghost
  7152 | D:7      | Reached skill level 5 in Dodging
  7494 | D:8      | Reached XP level 10. HP: 85/90 MP: 9/9
  7508 | D:8      | Reached skill level 5 in Slings
  7621 | D:8      | Reached skill level 9 in Fighting
  7732 | D:8      | Found a broken altar of Ashenzari.
  7868 | D:8      | Noticed a two-headed ogre
  7890 | D:8      | Killed a two-headed ogre
  8160 | D:8      | Found a staircase to the Lair.
  8206 | D:8      | Found an ancient bone altar of Kikubaaqudgha.
  8216 | D:8      | Reached skill level 10 in Armour
  8420 | D:8      | Found a burning altar of Makhleb.
  8743 | D:9      | Noticed Psyche
  8752 | D:9      | Killed Psyche
  8810 | D:9      | Reached ***** piety under Trog
  9049 | D:10     | Entered Level 10 of the Dungeon
  9608 | D:10     | Reached XP level 11. HP: 74/99 MP: 5/10
  9983 | D:10     | Reached skill level 10 in Fighting
 10502 | D:11     | Killed an unseen horror
 10522 | D:11     | You fall into a shaft and drop 1 floor!
 10522 | D:12     | Found a staircase to the Orcish Mines.
 10706 | D:11     | Found a frozen archway.
 10775 | IceCv    | Entered an ice cave
 12192 | IceCv    | HP: 3/151 [ice devil (10)]
 12670 | IceCv    | Noticed a necromancer
 12671 | IceCv    | Found the +7 Kryia's mail coat {PotionHeal*2 rC+}
 12689 | IceCv    | Killed a necromancer
 13038 | D:11     | Received a gift from Trog
 13630 | D:11     | Reached skill level 11 in Fighting
 13654 | D:11     | Identified a scroll of acquirement
 13655 | D:11     | Acquired a manual of Long Blades
 14182 | Orc:1    | Entered Level 1 of the Orcish Mines
 14227 | Orc:1    | Found Nonuj's Armour Emporium.
 14297 | Orc:2    | Entered Level 2 of the Orcish Mines
 14308 | Orc:2    | Noticed an orc knight
 14344 | Orc:1    | Killed an orc knight
 14706 | Orc:2    | Reached XP level 12. HP: 100/110 MP: 9/11
 14863 | Orc:2    | Reached skill level 1 in Shields
 15194 | Orc:1    | Noticed an orc high priest
 15207 | Orc:1    | Killed an orc high priest
 15477 | Orc:1    | Paralysed by an orc sorcerer for 7 turns
 15527 | Orc:1    | Noticed an orc warlord
 15541 | Orc:1    | Killed an orc warlord
 15542 | Orc:1    | Reached skill level 12 in Fighting
 15822 | Orc:1    | Got an obsidian-encrusted chain mail
 15833 | Orc:1    | Identified the cursed +0 chain mail of the Valley {Rampage
                  | *Corrode rElec Str+5} (You found it on level 1 of the
                  | Orcish Mines)
 15870 | Orc:1    | Noticed Maurice
 15889 | Orc:1    | Killed Maurice
 15934 | Orc:1    | Noticed poo4u's ghost (novice SpCj)
 15944 | Orc:1    | Found a runed translucent gate.
 15944 | Orc:1    | Found a runed translucent gate.
 15944 | Orc:1    | Found a runed translucent gate.
 15996 | Orc:1    | Noticed Urug
 16014 | Orc:1    | Noticed a two-headed ogre
 16018 | Orc:1    | Killed Urug
 16031 | Orc:1    | Killed a two-headed ogre
 16526 | Orc:1    | Killed poo4u's ghost
 16534 | Orc:1    | Reached skill level 13 in Fighting
 16690 | Orc:2    | Received a gift from Trog
 16962 | Orc:2    | Noticed an orc high priest
 17176 | Orc:1    | Killed an orc high priest
 17554 | Orc:2    | Noticed an orc high priest
 17610 | Orc:2    | Killed an orc high priest
 17611 | Orc:2    | Reached XP level 13. HP: 116/122 MP: 10/12
 17739 | Orc:2    | Found Kafeafix's Antique Armour Shoppe.
 17739 | Orc:2    | Found Vym Hies's Antique Armour Shoppe.
 17771 | Orc:2    | Found Piggy's Distillery.
 17774 | Orc:2    | Received a gift from Trog
 17775 | Orc:2    | Found Juilam's Antique Armour Emporium.
 17839 | Orc:2    | Bought the +3 hat of Pondering {ponderous, Will+ MP+10
                  | Int+5} for 1181 gold pieces
 17839 | Orc:2    | Found the +3 hat of Pondering {ponderous, Will+ MP+10
                  | Int+5}
 17907 | Orc:2    | Bought a potion of heal wounds for 80 gold pieces
 18147 | Orc:2    | Reached skill level 14 in Fighting
 18147 | Orc:2    | Reached skill level 5 in Shields
 18272 | Orc:2    | Found Faod's Jewellery Emporium.
 18355 | Orc:2    | Found a staircase to the Elven Halls.
 18770 | D:12     | Reached skill level 1 in Invocations
 19713 | Lair:1   | Entered Level 1 of the Lair of Beasts
 19922 | Lair:1   | Reached skill level 15 in Fighting
 20320 | Lair:1   | Found a shimmering altar of Xom.
 20635 | Lair:2   | You fall into a shaft and drop 1 floor!
 20653 | Lair:3   | Found a hole to the Spider Nest.
 20796 | Lair:3   | Noticed Rupert
 20821 | Lair:3   | Killed Rupert
 20972 | Lair:3   | Reached ****** piety under Trog
 21241 | Lair:3   | Reached skill level 16 in Fighting
 21241 | Lair:3   | Reached XP level 14. HP: 122/137 MP: 16/16
 21784 | Lair:2   | Received a gift from Trog
 23142 | Lair:3   | Reached skill level 5 in Invocations
 23495 | Lair:4   | Noticed Nessos
 23521 | Lair:4   | Killed Nessos
 23881 | Lair:4   | Found a runed translucent gate.
 23881 | Lair:4   | Found a runed translucent gate.
 23881 | Lair:4   | Found a runed translucent gate.
 23889 | Lair:4   | Noticed kalagan's ghost (journeyman DECj)
 23943 | Lair:4   | Found a staircase to the Swamp.
 24499 | Lair:4   | Killed kalagan's ghost
 24500 | Lair:4   | Reached skill level 17 in Fighting
 24567 | Lair:5   | Found a transporter.
 24570 | Lair:5   | Noticed Darubir's ghost (journeyman CeAM)
 24572 | Lair:5   | Found a transporter.
 24586 | Lair:5   | Reached skill level 10 in Slings
 24586 | Lair:5   | Reached skill level 10 in Dodging
 24717 | Lair:5   | Found a staircase to the Slime Pits.
 25524 | Lair:5   | Killed Darubir's ghost
 25582 | Lair:6   | Entered Level 6 of the Lair of Beasts
 26108 | Lair:6   | Reached XP level 15. HP: 138/149 MP: 19/19
 26122 | Lair:6   | Received a gift from Trog
 26140 | Lair:6   | Reached skill level 18 in Fighting
 27052 | D:13     | Found a gate to the Vaults.
 27338 | D:13     | Found a portal to a secret trove of treasure.
 28223 | D:14     | Found the +8 lance "Wyrmbane" {slay drac, rPois rF+ rC+
                  | AC+3}
 28391 | D:14     | Reached skill level 1 in Evocations
 28466 | D:14     | Received a gift from Trog
 29563 | D:15     | Entered Level 15 of the Dungeon
 29594 | D:15     | Paralysed by a hornet for 1 turns
 30573 | D:15     | Found a staircase to the Depths.
 30587 | D:15     | Reached skill level 19 in Fighting
 30823 | D:15     | Found a basalt altar of Yredelemnul.
 31215 | Swamp:1  | Entered Level 1 of the Swamp
 32375 | Swamp:1  | HP: 7/152 [poisoned by a swamp dragon (poison gas)]
 32381 | Swamp:1  | HP: 6/152 [poisoned by a swamp dragon (poison gas)]
 32387 | Swamp:1  | HP: 6/152 [poisoned by a swamp dragon (poison gas)]
 32395 | Swamp:1  | HP: 7/152 [poisoned by a swamp dragon (poison gas)]
 33659 | Swamp:2  | Received a gift from Trog
 33884 | Swamp:2  | Reached XP level 16. HP: 144/160 MP: 21/21
 34083 | Swamp:2  | Got a brightly glowing long sword
 34084 | Swamp:2  | Identified the +5 long sword of the Tent {vorpal, Dex+3}
                  | (You found it on level 2 of the Swamp)
 34673 | Swamp:3  | Noticed a thorn hunter
 35317 | Swamp:3  | Killed a thorn hunter
 37085 | Swamp:4  | Entered Level 4 of the Swamp
 37191 | Swamp:4  | Noticed a thorn hunter
 38472 | Swamp:4  | Killed a thorn hunter
 38835 | Swamp:4  | Reached skill level 5 in Evocations
 39064 | Swamp:4  | Got a decaying rune of Zot
 39224 | Swamp:4  | Received a gift from Trog
 40021 | D:13     | You paid a toll of +4 fire dragon scales to enter a
                  | treasure trove
 40022 | Trove    | Entered a treasure trove
 40030 | Trove    | Got a warped plate armour
 40038 | Trove    | Got a shimmering copper ring
 40040 | Trove    | Identified the ring "Ifuerrer" {rPois MP+9 Str+3 Dex+3
                  | Stlth+} (You found it in a treasure trove)
 40059 | Trove    | Got a sparkling bone amulet
 40070 | Trove    | Identified the amulet "Hiplan Baets" {RegenMP Int+3 SInv
                  | Stlth+} (You found it in a treasure trove)
 40074 | Trove    | Got a scorched pewter amulet
 40085 | Trove    | Identified the amulet "Ajejokk" {RegenMP Str+3 Slay+3} (You
                  | found it in a treasure trove)
 40095 | Trove    | Got a brightly glowing hand axe
 40096 | Trove    | Identified the cursed +3 hand axe of Udigif {protect,
                  | Will+} (You found it in a treasure trove)
 40104 | Trove    | Got a slimy cloak
 40110 | Trove    | Identified the +0 cloak "Inleeru" {Rampage rElec SInv} (You
                  | found it in a treasure trove)
 40512 | Spider:1 | Entered Level 1 of the Spider Nest
 41294 | Spider:1 | Reached skill level 20 in Fighting
 41472 | Spider:1 | Identified the +1 plate armour of Whack-A-Mole {rC+ Str-2
                  | Int+2 Dex+4} (You found it in a treasure trove)
 42133 | Spider:2 | Reached skill level 10 in Invocations
 42273 | Spider:2 | Noticed Donald
 42283 | Spider:2 | Reached XP level 17. HP: 170/170 MP: 23/23
 42295 | Spider:2 | Killed Donald
 42295 | Spider:2 | Received a gift from Trog
 42327 | Spider:2 | Found a transporter.
 42332 | Spider:2 | Found a transporter.
 42986 | Spider:2 | Got the cursed +0 pair of boots of the Old World {rampage,
                  | rC+ Int+5}
 43344 | Spider:3 | Noticed Roxanne
 43381 | Spider:3 | Killed Roxanne
 43622 | Spider:3 | Received a gift from Trog
 44168 | Spider:3 | Reached skill level 21 in Fighting
 44593 | Spider:4 | Entered Level 4 of the Spider Nest
 45974 | Spider:4 | Noticed Arachne
 45984 | Spider:4 | Killed Arachne
 45987 | Spider:4 | Received a gift from Trog
 46318 | Spider:4 | Got a gossamer rune of Zot
 46634 | Elf:1    | Entered Level 1 of the Elven Halls
 46851 | Elf:1    | Reached skill level 22 in Fighting
 47119 | Elf:1    | Reached XP level 18. HP: 184/184 MP: 25/25
 47513 | Elf:1    | Received a gift from Trog
 48252 | Elf:2    | Gained mutation: You are weak. (Str -2) [a neqoxec]
 48393 | Elf:2    | Found a huge runed translucent gate.
 48393 | Elf:2    | Found a huge runed translucent gate.
 48393 | Elf:2    | Found a huge runed translucent gate.
 48393 | Elf:2    | Found a huge runed translucent gate.
 48394 | Elf:2    | Found a huge runed translucent gate.
 48976 | Elf:2    | Noticed a Hell Sentinel
 49427 | Elf:2    | Received a gift from Trog
 49611 | Elf:2    | Noticed Azrael
 49617 | Elf:2    | Killed Azrael
 49834 | Elf:2    | Reached skill level 23 in Fighting
 50505 | Elf:3    | Entered Level 3 of the Elven Halls
 50950 | Elf:3    | Found Cuoschiem's General Store.
 51534 | Elf:3    | Received a gift from Trog
 51676 | Elf:3    | Found a gateway to a bazaar.
 51696 | Bazaar   | Entered a bazaar
 51696 | Bazaar   | Found Tanarphash's Armour Emporium.
 51696 | Bazaar   | Found Borhusmauch's Assorted Antiques.
 51696 | Bazaar   | Found Desmar's Antique Weapon Emporium.
 51702 | Bazaar   | Found Toacicwo's Antique Weapon Shoppe.
 51848 | Elf:3    | Identified the +10 flail of Satyriasis {elec, rElec Str+3
                  | Dex+2}
 51848 | Elf:3    | Identified the amulet of Henotheism {rElec Regen+ Dex-2
                  | Stlth+}
 53255 | Elf:3    | Reached XP level 19. HP: 198/198 MP: 27/27
 53255 | Elf:3    | Identified the +2 morningstar "Jeakixar" {elec, rPois Dex-5
                  | SInv}
 53791 | Elf:3    | Identified the cursed +1 triple sword of Conscience
                  | {vorpal, *Slow rPois MP-9 Stlth+}
 53795 | Elf:3    | Reached skill level 24 in Fighting
 53796 | Elf:3    | Gained mutation: Scrolls take you a little longer to read.
                  | [a cacodemon]
 53802 | Elf:3    | Gained mutation: Potions are less effective at restoring
                  | your health. [a cacodemon]
 54111 | Elf:3    | Identified the +6 long sword of Accidental Termination
                  | {vorpal, rPois Int+4}
 54113 | Elf:3    | Identified the +5 longbow "Husareum" {flame, rC+ Dex+2}
 54114 | Elf:3    | Identified the +7 glaive "Undertaker" {vorpal, rN+}
 54157 | Elf:3    | HP: 6/185 [deep elf mage/bolt of negative energy (17)]
 54158 | Elf:3    | Killed from afar by a deep elf high priest

Illustrated notes

Levels and vault maps discovered:
D:1:      lordsloth_arrival_two_stooges, layout_basic
D:2:      layout_loops_corners
D:3:      layout_rooms, marbit_many_paths, lemuel_doored_altar,
          grunt_ministairs_9
D:4:      layout_gridville
D:5:      layout_basic, chequers_temple_overflow_minitemple,
          grunt_dithmenos_shadows, basic_altar, serial_shops, shop_fountains,
          nicolae_shop_crystal
D:6:      layout_rooms, tgw_sif, lemuel_round_altar, nrook_mini_vaults
D:7:      layout_loops_ring, nzn_wu_jian_contemplation, temple_green,
          basic_altar, gammafunk_ghost_cemetery, small_statue_intersection,
          minmay_diced_spiral
D:8:      layout_loops_cross, kiku_gazebo_pond_becter, old_standard_altar,
          grunt_lair_entry_orc_guard_hut, ashenzari_altar_1
D:9:      layout_cave_pools, uniq_psyche
D:10:     layout_loops_cross, minmay_misc_feat_columns, minmay_misc_feat_cross,
          hangedman_corner_corridor
D:11:     layout_layer_cave, portal_ice_cave_demonic_guard
D:12:     layout_loops_ring, orc_0_dummy
D:13:     layout_long_grid, erik_vaults_1, nicolae_trove_entry_columns
D:14:     minmay_shrinking_squares, layout_loops_corners,
          minmay_misc_feat_ornament
D:15:     hangedman_depths_entry_try_elsewhere_first, layout_small_grid,
          lemuel_coloured_pillars_altar
Lair:1:   layout_chaotic_city, basic_altar
Lair:2:   layout_cave_pods, serial_forest, infiniplex_forest_straight_1,
          infiniplex_forest_lined_room_3, infiniplex_forest_zigzag_1,
          infiniplex_forest_clump_medium, infiniplex_forest_clump_small,
          infiniplex_forest_side_room, infiniplex_forest_straight_1,
          st_stairs_7, beast_lair_carwin_4, grunt_megastairs_5,
          serial_bayou_shore_a
Lair:3:   layout_regular_city, spider_nest_entry_rubble, st_stairs_8,
          nzn_sisyphean_effort, uniq_rupert
Lair:4:   layout_cave_pods, skrybe_swamp_entry_bodies,
          ebering_ghost_rock_garden, guppyfry_lair_drakes, uniq_nessos
Lair:5:   layout_long_grid, slime_dummy, gammafunk_ghost_arena,
          lemuel_fruit_fields
Lair:6:   hangedman_lair_caniforms_friends, layout_misc_corridors,
          columned_hall_lemuel, serial_bayou_shore_b
Swamp:1:  layout_basic_swamp, infiniplex_staircase_pool_2
Swamp:2:  layout_falls_marsh, evilmike_swamp_ruin_house_5
Swamp:3:  layout_basic_swamp, evilmike_swamp_ruin_house_3
Swamp:4:  swamp, layout_basic_swamp, infiniplex_staircase_pool
Spider:1: layout_spider_delve
Spider:2: gammafunk_boulding_lane, uniq_donald
Spider:3: layout_chambers, uniq_roxanne
Spider:4: johnstein_spider_rune_arachne_lair, drop_trap
Orc:1:    layout_caves, gammafunk_ghost_split, serial_shops, nicolae_shop_stone,
          elf_legates, uniq_urug, uniq_maurice
Orc:2:    st_orc_mages, layout_diamond_mine, serial_shops, shop
Elf:1:    eino_elf_arrival_shootout, layout_loops_cross,
          hangedman_elf_disciples, st_stairs_10
Elf:2:    layout_onion_city, minmay_elf_necromancy, uniq_azrael
Elf:3:    elf_hall, layout_geoelf_grid, serial_shops, statue_bzr, shop,
          einodemon_barbed_minivault

Skill      XL: |  1  2  3  4  5  6  7  8  9 10 11 12 13 14 15 16 17 18 19 |
---------------+----------------------------------------------------------+-----
Fighting       | 4 5 6 7 8 9 11 13 16 17 19 20 22 23 24 | 24.1
Long Blades    | 4 5 6 8 9 10 12 13 14 | 14.0
Dodging        | 3 4 5 7 9 10 12 13 | 13.9
Armour         | 3 4 5 6 7 9 10 12 | 12.3
Slings         | 4 6 7 9 10 12 | 12.0
Shields        | 4 5 |  5.0
Invocations    | 4 6 8 10 11 12 | 12.3
Evocations     | 3 5 7 9 |  9.2
Axes           | |  0.2
Stealth        | |  0.1

Action                   |  1- 3 |  4- 6 |  7- 9 | 10-12 | 13-15 | 16-18 | 19-21 || total
-------------------------+-------+-------+-------+-------+-------+-------+-------++-------
Melee: Falchion          |    87 |   111 |   235 |   656 |       |       |       ||  1089
       Headbutt          |    11 |    26 |    58 |   202 |   302 |   498 |    22 ||  1119
       Scimitar          |       |       |       |   139 |  1063 |    14 |       ||  1216
       Broad axe         |       |       |       |       |    49 |       |       ||    49
       Lance             |       |       |       |       |    22 |    70 |       ||    92
       Long sword        |       |       |       |       |       |  1125 |    46 ||  1171
 Fire: Hunting sling     |       |       |    30 |    75 |    81 |   823 |    22 ||  1031
Invok: Berserk           |       |     3 |     4 |    19 |     6 |     8 |       ||    40
       Trog's Hand       |       |       |     1 |     4 |     5 |     7 |     1 ||    18
       Brothers in Arms  |       |       |       |       |       |     7 |     2 ||     9
Evoke: Wand              |       |       |       |       |       |     6 |       ||     6
       Phial of floods   |       |       |       |       |       |     1 |       ||     1
  Use: Scroll            |     4 |     5 |     2 |    12 |    13 |    15 |     2 ||    53
       Potion            |       |       |       |       |       |     6 |     2 ||     8
 Stab: Distracted        |       |       |       |       |       |     2 |       ||     2
Armor: Animal skin       |     4 |       |       |       |       |       |       ||     4
       Scale mail        |    24 |    36 |       |    69 |   475 |   114 |       ||   718
       Chain mail        |       |     3 |   119 |   140 |       |       |       ||   262
       Plate armour      |       |       |       |    23 |       |   525 |    31 ||   579
       Swamp dragon scal |       |       |       |       |       |   129 |       ||   129
       Fire dragon scale |       |       |       |       |       |     2 |       ||     2
Dodge: Dodged            |    54 |    60 |    84 |   371 |   788 |  1289 |    45 ||  2691
Block: Buckler           |       |       |       |    42 |   312 |   809 |    23 ||  1186
       Reflection        |       |       |       |       |     9 |     2 |       ||    11
       Rpst.: Falchion   |    12 |    16 |    24 |    81 |       |       |       ||   133
       Scimitar          |       |       |       |    14 |   146 |     3 |       ||   163
       Long sword        |       |       |       |       |       |   143 |     9 ||   152
